 Dungeon Crawl Stone Soup version 0.32-a0-391-gce5c0aab1b (webtiles) character file.

Game seed: 9762055739030736749

18 Bravepunisher the Ducker (level 2, -3/16 HPs)
             Began as a Spriggan Monk on Feb 19, 2024.
             Slain by a gnoll
             ... wielding a +0 spear
              (4 damage)
             ... on level 3 of the Dungeon.
             The game lasted 00:01:05 (227 turns).

Bravepunisher the Ducker (Spriggan Monk)             Turns: 227, Time: 00:01:05

Health: -3/16      AC:  2    Str:  7    XL:     2   Next: 51%
Magic:  3/3        EV: 19    Int: 11    God:
Gold:   39         SH:  0    Dex: 17    Spells: 1/1 levels left

rFire   . . .        a - +0 short sword
rCold   . . .        (no shield)
rNeg    . . .        b - +0 robe
rPois   .            (helmet restricted)
rElec   .            (no cloak)
rCorr   .            (gloves unavailable)
SInv    +            (boots unavailable)
Will    .....        (no amulet)
Stlth   ++           (no ring)
HPRegen 0.22/turn    (no ring)
MPRegen 0.08/turn

%: no passive effects
@: mighty, studying Fighting, very quick
A: very small, no large weapons, unfitting armour, see invisible, speed 3
a: no special abilities


You were on level 3 of the Dungeon.
You visited 1 branch of the dungeon, and saw 3 of its levels.

You collected 39 gold pieces.

Inventory:

Hand Weapons
 a - a +0 short sword (weapon)
Armour
 b - a +0 robe (worn)
Potions
 c - a potion of ambrosia
 e - a potion of attraction {unknown}


   Skills:
 + Level 3.0 Fighting
 - Level 3.2 Short Blades
 * Level 4.8 Dodging


You had one spell level left.
You didn't know any spells.
Your spell library was empty.

Dungeon Overview and Level Annotations

Branches:
Dungeon (3/15)

Altars:


Innate Abilities, Weirdness & Mutations

You are very small and have problems with some larger weapons.
You are too small for most types of armour.
You have supernaturally acute eyesight. (SInv)
You cover ground extremely quickly. (Speed+++)


Message History

You feel very mighty all of a sudden.
The gnoll shouts!
The gnoll hits you from afar with a +0 spear.
The gnoll misses you.
Unknown command.
A gnoll comes into view. It is wielding a +0 flail.
Found a scroll labelled HIMISESTR LEOXT.
The gnoll shouts!
Things that are here:
a +0 club; an orc corpse You hit the gnoll.
The gnoll is moderately wounded.
The gnoll hits you with a +0 spear! The gnoll completely misses you.
Unknown command.
You hit the gnoll.
The gnoll is heavily wounded.
The gnoll completely misses you. The gnoll hits you with a +0 halberd.
* * * LOW HITPOINT WARNING * * *
The endoplasm closely misses you.
You barely miss the gnoll.
The gnoll is heavily wounded.
The gnoll closely misses you. The gnoll misses you.
The endoplasm barely misses you.
You puncture the gnoll!
You kill the gnoll!
The gnoll closely misses you. x2; The endoplasm misses you.
Your Fighting skill increases to level 3!
The gnoll barely misses you. The gnoll completely misses you.
Things that are here:
a +0 spear; a gnoll corpse You closely miss the gnoll.
The gnoll misses you. The gnoll closely misses you. The gnoll misses you.
You closely miss the gnoll. The gnoll closely misses you.
The gnoll misses you. x2
The endoplasm freezes you.
You are frozen.
* * * LOW HITPOINT WARNING * * *
You puncture the gnoll!
The gnoll is heavily wounded.
The gnoll misses you. x2; The gnoll hits you with a +0 spear.
You die...

#. #. #> ..
##.# ##.#..g##
...?..g@#
##.#..gJ#
##.#g# #.#S#
#. #o#o# .
#.#.# #.#
#..#o#.# #.#
#..#.#.# #
#.#####..#.#.#


You could see 3 gnolls, an orc, an endoplasm, a hobgoblin and a ball python.

Vanquished Creatures
  A gnoll (D:3)
  An orc (D:3)
  2 giant cockroaches
  A kobold (D:3)
5 creatures vanquished.

Notes
Turn   | Place    | Note
-------+----------+-------------------------------------------
     0 | D:1      | Bravepunisher the Spriggan Monk began the quest for the
                  | Orb.
     0 | D:1      | Reached XP level 1. HP: 11/11 MP: 2/2
    58 | D:2      | Found a faded altar of an unknown god.
   217 | D:3      | Reached XP level 2. HP: 16/16 MP: 3/3
   227 | D:3      | Slain by a gnoll

Illustrated notes

Levels and vault maps discovered:
D:1:      wheals_arrival_shading, layout_basic
D:2:      layout_rooms, nicolae_ecumenical_oubliette, uniq_natasha,
          uniq_crazy_yiuf_cottage
D:3:      layout_loops_ring, makhleb_altar_promises_db, minitemple, uniq_ijyb

Skill      XL: |  1  2 |
---------------+-------+-----
Fighting       | 3 |  3.0
Short Blades   | |  3.2
Dodging        | |  4.8

Action                     || total
---------------------------++-------
  Melee: Short sword       ||    34
    Use: Potion            ||     1
 Armour: Robe              ||    10
  Dodge: Dodged            ||    37

Table legend: (Time is in decaauts)
 A = Elapsed time spent in this place.
 B = Non-inter-level travel time spent in this place.
 C = Inter-level travel time spent in this place.
 D = Time resting spent in this place.
 E = Time spent auto-exploring this place.
 F = Levels seen in this place.
 G = Mean time per level.
                   A        B        C        D        E       F      G
               +--------+--------+--------+--------+--------+-----+--------+
         Total |    159 |    159 |      0 |      0 |     70 |   3 |   53.0 |
       Dungeon |    159 |    159 |      0 |      0 |     70 |   3 |   53.0 |
               +--------+--------+--------+--------+--------+-----+--------+

Top non-repeatable levels by time:
     D:3: 84 daAuts
     D:1: 38 daAuts
     D:2: 35 daAuts
